 Dungeon Crawl Stone Soup version 0.31.0-11-ge490571c62 (webtiles) character file.

Game seed: 3954615867744285775

99766 RepHenryClay the Bludgeoner (level 16, 0/135 HPs)
             Began as a Ghoul Gladiator on Jan 27, 2024.
             Was the Champion of Okawaru.
             Slain by a redback (4 damage)
             ... on level 2 of the Spider Nest.
             The game lasted 01:08:56 (31632 turns).

RepHenryClay the Bludgeoner (Ghoul Gladiator)      Turns: 31632, Time: 01:08:56

Health: 0/135      AC: 21    Str: 24    XL:     16   Next: 26%
Magic:  19/21      EV: 17    Int:  7    God:    Okawaru [******]
Gold:   1986       SH:  0    Dex: 12    Spells: 13/15 levels left

rFire   + . .        a - +6 eveningstar of Fae Guilt {heavy, *Corrode rPois rF+ Will+}
rCold   + . .        (no shield)
rNeg    + + +        N - +0 plate armour
rPois   ∞            l - +1 helmet
rElec   .            q - +0 cloak
rCorr   .            i - +0 pair of gloves
SInv    .            k - +1 pair of boots {rampage}
Will    ++...        V - amulet of the acrobat Stlth
                     S - +5 ring of evasion
HPRegen 0.00/turn    c - +4 ring of protection
MPRegen 0.17/turn

%: corrode self (3%), acrobat, rampage
@: about to teleport, heroic, corroded, inhibited regen
A: claws 1, cold resistance 1, negative energy resistance 3, inhibited
regeneration, torment resistance 2, devour on kill
a: Renounce Religion, Heroism, Finesse, Duel


You were on level 2 of the Spider Nest.
You worshipped Okawaru.
Okawaru was exalted by your worship.
You visited 5 branches of the dungeon, and saw 25 of its levels.
You also visited: Sewer.

You collected 2376 gold pieces.
You spent 390 gold pieces at shops.

Inventory:

Hand Weapons
 a - the +6 eveningstar of Fae Guilt (weapon) {heavy, *Corrode rPois rF+ Will+}
   (Okawaru gifted it to you on level 4 of the Lair of Beasts)

   rF+:       It protects you from fire.
   rPois:     It protects you from poison Will+: It increases your willpower.
   *Corrode:  It may corrode you when you take damage.
 y - a +4 war axe of flaming
Missiles
 d - 2 throwing nets
 e - 6 javelins
 A - 27 poisoned darts (quivered)
 E - a dart of dispersal
 Q - 13 curare-tipped darts
 X - 18 atropa-tipped darts
 Y - 6 datura-tipped darts
Armour
 i - a +0 pair of gloves (worn)
 k - a +1 pair of boots of rampaging (worn)
 l - a +1 helmet (worn)
 q - a +0 cloak (worn)
 N - a +0 plate armour (worn)
 P - a +0 chain mail of cold resistance
Jewellery
 c - a +4 ring of protection (right hand)
 n - the ring "Ligimm" {Fire rElec}
   (You found it on level 5 of the Lair of Beasts)

   [ring of fire]

   Fire:      It enhances your fire magic.
   rF+:       It protects you from fire.
   rC-:       It makes you vulnerable to cold.
   rElec:     It insulates you from electricity.
 R - an amulet of reflection
 S - a +5 ring of evasion (left hand)
 V - an amulet of the acrobat (around neck)
Wands
 g - a wand of roots (13)
 K - a wand of polymorph (5)
 O - a wand of flame (30)
Scrolls
 h - 8 scrolls of fog
 m - 7 scrolls of teleportation
 t - 2 scrolls of revelation
 u - 5 scrolls of enchant weapon
 v - a scroll of fear
 x - 6 scrolls of poison
 B - 4 scrolls of amnesia
 C - 3 scrolls of immolation
 D - a scroll of torment {unknown}
 J - 3 scrolls of vulnerability {unknown}
 L - 4 scrolls of enchant armour {unknown}
 M - 6 scrolls of blinking
 T - 5 scrolls of noise
 W - 2 scrolls of identify {@r1}
 Z - 2 scrolls of acquirement {unknown}
Potions
 b - 4 potions of ambrosia
 f - 11 potions of curing
 j - 4 potions of mutation
 o - 3 potions of lignification
 p - 3 potions of enlightenment
 r - 3 potions of heal wounds
 s - a potion of attraction {unknown}
 w - 3 potions of haste
 z - a potion of berserk rage {unknown}
 F - 3 potions of magic
 G - 3 potions of cancellation {unknown}
 H - 4 potions of invisibility
 I - 5 potions of might {unknown}
 U - a potion of brilliance {unknown}


   Skills:
 - Level 10.3(15.3) Fighting
 - Level 16.0(21.0) Maces & Flails
 + Level 8.2(13.2) Throwing
 - Level 15.7(20.7) Armour
 - Level 7.1(12.1) Dodging
 - Level 7.0 Invocations


You had 13 spell levels left.
You knew the following spells:

 Your Spells              Type           Power      Damage    Failure   Level
Q - Blink                 Tloc           0%         N/A       98%         2

Your spell library contained the following spells:

 Spells                   Type           Power      Damage    Failure   Level
 Magic Dart               Conj           0%         1d3       94%         1
 Necrotise                Necr           0%         1d4       94%         1
 Shock                    Conj/Air       0%         1d3       94%         1
 Sting                    Conj/Alch      0%         1d3       94%         1
 Ensorcelled Hibernation  Hex/Ice        0%         N/A       98%         2
 Lesser Beckoning         Tloc           0%         N/A       98%         2
 Momentum Strike          Conj/Tloc      0%         3d8       98%         2
 Static Discharge         Conj/Air       0%         3-3/arc   98%         2
 Frozen Ramparts          Ice            0%         1d1       100%        3
 Passwall                 Erth           0%         N/A       100%        3
 Swiftness                Air            0%         N/A       100%        3
 Vampiric Draining        Necr           0%         2d6       100%        3
 Airstrike                Air            0%         2d(0-16)  100%        4
 Vhi's Electric Charge    Tloc/Air       0%         N/A       100%        4
 Arcjolt                  Conj/Air       0%         1d10      100%        5
 Curse of Agony           Necr           0%         N/A       100%        5
 Conjure Ball Lightning   Conj/Air       0%         3x3d6     100%        6
 Plasma Beam              Fire/Air       0%         2x1d10    100%        6
 Ozocubu's Refrigeration  Ice            0%         4d7       100%        7
 Discord                  Hex            0%         N/A       100%        8
 Disjunction              Tloc           0%         N/A       100%        8
 Maxwell's Capacitive Co  Air            0%         ∞         100%        8
 Polar Vortex             Ice            0%         N/A       100%        9
 Call Imp                 Summ           Unusable   N/A       N/A         2
 Martyr's Knell           Necr/Summ      Unusable   N/A       N/A         4
 Summon Lightning Spire   Summ/Air       Unusable   N/A       N/A         4
 Sculpt Simulacrum        Ice/Alch       Unusable   N/A       N/A         6

Dungeon Overview and Level Annotations

Branches:
Dungeon (15/15)            Temple (1/1) D:6            Lair (5/5) D:9
 Shoals (0/4) Lair:2       Spider (2/4) Lair:3        Slime (0/5) Lair:4
    Orc (2/2) D:12            Elf (0/3) Orc:2        Vaults (0/5) D:14
  Sewer (visited)
 Depths: D:15

Altars:
Ashenzari
Cheibriados
Dithmenos
Fedhas
Gozag
Hepliaklqana
Kikubaaqudgha
Makhleb
Nemelex Xobeh
Okawaru
Qazlal
Ru
Sif Muna
Trog
Uskayaw
Vehumet
Wu Jian
Xom
Yredelemnul
Ignis
Jiyva

Shops:
D:3 :::?   D:6 [   Orc:2 (*[=

Annotations:
D:15 1 exclusion
Orc:2 2 transporters artifact gloves, Drazool's ghost, journeyman NaSh


Innate Abilities, Weirdness & Mutations

You are immune to poison.
You have sharp fingernails.
Your flesh is cold resistant. (rC+)
You are immune to negative energy. (rN+++)
You do not regenerate when monsters are visible.
You are immune to unholy pain and torment.
You thrive by killing the living.


Message History

The meliai misses you.
The meliai stings you but does no damage.
The redback misses you.
The meliai hits you with a +0 broad axe.
* * * LOW HITPOINT WARNING * * *
The meliai closely misses you. The redback misses you. x2
The entropy weaver points at you and mumbles some strange words.
The entropic weave corrodes you!
Huge Dmg: -13%(-17hp) hp: 32%(43hp) Welcome back, RepHenryClay the Ghoul Gladiator.
Okawaru says: Bring me glory in combat!
Press ? for a list of commands and other information.
You impale the meliai!!
You kill the meliai!
Okawaru accepts your kill. The redback completely misses you.
The redback closely misses you. The meliai hits you but does no damage.
The meliai stings you but does no damage.
The entropy weaver gestures at you while chanting.
The entropic weave corrodes you! The redback bites you!
* * * LOW HITPOINT WARNING * * *
Damage: -6%(-8hp) hp: 26%(35hp) Welcome back, RepHenryClay the Ghoul Gladiator.
Okawaru says: Bring me glory in combat!
Press ? for a list of commands and other information.
You impale the meliai!!
The meliai is almost dead.
The meliai mumbles some strange prayers to its god against you.
Something smites you!
* * * LOW HITPOINT WARNING * * *
The redback bites you but does no damage.
The meliai hits you with a +0 hand axe.
* * * LOW HITPOINT WARNING * * *
The meliai barely misses you.
The meliai mumbles some strange prayers to its god against you.
Something smites you!
* * * LOW HITPOINT WARNING * * *
The entropy weaver points at you and mumbles some strange words.
The entropic weave corrodes you! The redback bites you.
You die...

#...##($B #...
#...#... ##..
#...#(y## ###
#...(..^ ## #....y#
##. #....# ###..
#.y.#### ##.##.
#By##..# ##...##
#Bs@...# ######.....#
#.s....###...........
#....###.##..^..^....
#....#....#..###.....
#....#...^#...##....(
#.........##..#..##^.
#.............######.
#.#............# ##
####.#....^..^## #


You could see 2 entropy weavers, 2 redbacks and 2 meliai.

Vanquished Creatures
  2 orc warlords (Orc:2)
  4 dire elephants (Lair:5)
  A spark wasp (Spider:1)
  The ghost of Luam the Spear-Bearer, a journeyman OpFi of Cheibriados (Lair:4)
  The ghost of Dumidips the Black Belt, a journeyman OpMo of Makhleb (Lair:2)
  An ettin (Orc:1)
  An entropy weaver (Spider:1)
  A fire dragon (D:14)
  The ghost of Iphivaf the Black Belt, a journeyman OpSh of Gozag (Lair:2)
  The ghost of Dekkoka the Severer, a journeyman HOEE of Gozag (Lair:2)
  The ghost of Suk Xiy the Grappler, a journeyman DrSh of Yredelemnul (Lair:2)
  4 hydras
  A vault guard (D:14)
  Erica (D:9)
  7 centaur warriors
  4 boulder beetles
  2 two-headed ogres
  A death knight (D:15)
  A death yak (Lair:5)
  3 demonic crawlers
  3 tengu warriors (D:14)
  2 hell knights (D:11)
  A skyshark (Lair:5)
  3 spectral death yaks (Lair:5)
  A pharaoh ant (Spider:1)
  A sun moth (Spider:1)
  A spectral anaconda (Lair:5)
  2 orb spiders (Spider:2)
  An obsidian statue (Lair:5)
  4 orc knights
  2 phantasmal warriors (D:15)
  Pikel (D:5)
  16 ugly things
  5 wolf spiders (Spider:1)
  A deep elf pyromancer (D:15)
  4 necromancers (Lair:5)
  2 orc sorcerers
  5 cyclopes
  2 manticores
  A meliai (Spider:2)
  A kobold blastminer (Orc:1)
  19 elephants
  4 black mambas
  A torpor snail (Spider:1)
  4 gargoyles
  8 cane toads
  A dire elephant skeleton (Lair:5)
  A kobold demonologist (D:11)
  A tengu conjurer (D:13)
  A freezing wraith (D:15)
  6 komodo dragons
  6 rime drakes
  5 yaktaurs (D:15)
  10 blink frogs
  A polar bear (Lair:3)
  2 trolls
  A snapping turtle (Lair:2)
  A hornet (D:9)
  7 tarantellas
  3 spectral elephants (Lair:5)
  2 slime creatures (Lair:4)
  5 jumping spiders
  A culicivora (Spider:2)
  Sigmund (D:3)
  4 wyverns
  6 fire bats (D:11)
  6 vampires
  8 wraiths
  4 water elementals
  19 yaks
  2 basilisks
  A catoblepas simulacrum (Lair:5)
  3 steam dragons
  5 wargs
  17 redbacks
  13 vampire mosquitoes
  3 acid dragons
  17 water moccasins
  2 hydra simulacra (Lair:5)
  3 sky beasts
  25 orc warriors
  A black mamba simulacrum (Lair:5)
  4 boggarts (D:14)
  19 wolves
  2 elephant zombies (Lair:5)
  2 ogres (Orc:2)
  23 centaurs
  2 phantoms
  5 kobold brigands
  2 lemures
  7 gnoll sergeants (D:11)
  4 scorpions
  7 bullfrogs
  4 cane toad simulacra (Lair:5)
  17 wights
  A killer bee (shapeshifter) (D:14)
  11 killer bees
  An elephant simulacrum (Lair:5)
  5 electric eels
  2 howler monkeys
  A komodo dragon simulacrum (Lair:5)
  25 orc priests
  A bombardier beetle (D:5)
  A gnoll bouda (D:7)
  4 hounds
  4 jellies
  2 iguanas
  16 orc wizards
  2 sleepcaps
  Terence (D:2)
  10 adders
  8 gnolls
  7 river rats (Sewer)
  A shadow imp (D:3)
  3 white imps
  2 ufetubi (D:6)
  4 dart slugs
  5 ribbon worms
  71 orcs
  17 ball pythons
  9 endoplasms
  7 giant cockroaches
  8 goblins
  8 hobgoblins
  3 jackals (D:3)
  34 kobolds
  3 quokkas
  4 bats
  6 frilled lizards
  24 rats
737 creatures vanquished.

Vanquished Creatures (collateral kills)
  An orc high priest (Orc:2)
  An orc warrior (Orc:2)
  An orc priest (Orc:2)
3 creatures vanquished.

Vanquished Creatures (others)
  An orc wizard (Orc:2)
1 creature vanquished.

Grand Total: 741 creatures vanquished

Notes
Turn   | Place    | Note
-------+----------+-------------------------------------------
     0 | D:1      | RepHenryClay the Ghoul Gladiator began the quest for the
                  | Orb.
     0 | D:1      | Reached XP level 1. HP: 17/17 MP: 1/1
    67 | D:1      | Reached XP level 2. HP: 5/24 MP: 2/2
    71 | D:1      | Reached skill level 3 in Maces & Flails
    71 | D:1      | Reached skill level 1 in Armour
   440 | D:1      | Got the Secrets of Composition and Hoarfrost
   518 | D:1      | Reached XP level 3. HP: 28/29 MP: 3/3
  1236 | D:2      | Reached XP level 4. HP: 36/36 MP: 4/4
  1426 | D:2      | Noticed Terence
  1438 | D:2      | Killed Terence
  1533 | D:2      | Reached skill level 4 in Maces & Flails
  1533 | D:2      | Reached XP level 5. HP: 15/41 MP: 5/5
  1861 | D:3      | Noticed Sigmund
  1910 | D:3      | Found Sapnais's Magic Scroll Emporium.
  1917 | D:3      | Bought a scroll of identify for 28 gold pieces
  1917 | D:3      | Bought a scroll of identify for 28 gold pieces
  1917 | D:3      | Bought a scroll of teleportation for 42 gold pieces
  1964 | D:3      | Killed Sigmund
  1965 | D:3      | Reached XP level 6. HP: 48/48 MP: 6/6
  1974 | D:3      | Found Daed's Book Shoppe.
  1995 | D:3      | Found Jomog's Book Shoppe.
  2145 | D:3      | Reached skill level 5 in Maces & Flails
  2518 | D:3      | Found Inozxad's Book Shoppe.
  2845 | D:4      | Reached XP level 7. HP: 50/55 MP: 7/7
  2863 | D:4      | Found a bloodstained altar of Trog.
  3518 | D:5      | Entered Level 5 of the Dungeon
  3595 | D:5      | Found a glowing drain.
  3607 | D:5      | Reached skill level 5 in Armour
  3611 | Sewer    | Entered a sewer
  3733 | Sewer    | Reached skill level 6 in Maces & Flails
  4025 | Sewer    | Reached XP level 8. HP: 53/61 MP: 8/8
  4336 | D:5      | Noticed Pikel
  4491 | D:5      | Killed Pikel
  4492 | D:5      | Reached skill level 8 in Maces & Flails
  4974 | D:5      | Reached skill level 9 in Maces & Flails
  5024 | D:5      | Reached XP level 9. HP: 64/67 MP: 9/9
  5915 | D:6      | Identified the +7 falchion of Untruth {speed, rCorr Stlth+}
  5983 | D:6      | Found Qaicy's Armour Emporium.
  6184 | D:5      | Reached skill level 10 in Maces & Flails
  6517 | D:6      | Found a staircase to the Ecumenical Temple.
  6548 | Temple   | Entered the Ecumenical Temple
  6555 | Temple   | Became a worshipper of Warmaster Okawaru
  6759 | D:7      | Reached skill level 1 in Invocations
  7002 | D:7      | Reached skill level 11 in Maces & Flails
  7002 | D:7      | Reached XP level 10. HP: 67/73 MP: 11/11
  7368 | D:7      | Found a shadowy altar of Dithmenos.
  7397 | D:7      | Reached * piety under Okawaru
  7615 | D:7      | Found a shimmering altar of Xom.
  7615 | D:7      | Found a shimmering altar of Xom.
  7616 | D:7      | Found a shimmering altar of Xom.
  7624 | D:7      | Found a shimmering altar of Xom.
  8099 | D:8      | Noticed a two-headed ogre
  8113 | D:8      | Killed a two-headed ogre
  8278 | D:8      | Identified the +2 rapier of Cuarel {venom, ^Fragile Dex+7
                  | Stlth+}
  8438 | D:8      | Reached ** piety under Okawaru
  8439 | D:8      | Reached skill level 12 in Maces & Flails
  8545 | D:8      | Reached skill level 5 in Invocations
  9111 | D:9      | Noticed Erica
  9153 | D:9      | Killed Erica
  9154 | D:9      | Reached XP level 11. HP: 46/83 MP: 15/15
  9540 | D:9      | Reached *** piety under Okawaru
  9562 | D:9      | HP: 4/84 [hornet (12)]
 10108 | D:9      | Found a staircase to the Lair.
 10507 | D:9      | Found a burning altar of Makhleb.
 10508 | D:9      | Found an ancient bone altar of Kikubaaqudgha.
 10573 | D:9      | Found a basalt altar of Yredelemnul.
 10808 | D:10     | Entered Level 10 of the Dungeon
 11958 | D:11     | Found a shimmering blue altar of Sif Muna.
 12164 | D:11     | Noticed a boulder beetle
 12184 | D:11     | Identified the +8 dagger "Wototheh" {flame, rPois rC++
                  | rCorr Str+4}
 12188 | D:11     | Reached skill level 5 in Fighting
 12205 | D:11     | Killed a boulder beetle
 12224 | D:11     | Reached **** piety under Okawaru
 13018 | Lair:1   | Entered Level 1 of the Lair of Beasts
 13483 | Lair:1   | Reached ***** piety under Okawaru
 13608 | Lair:1   | Reached XP level 12. HP: 85/94 MP: 17/17
 14070 | Lair:2   | Reached skill level 10 in Armour
 14520 | Lair:2   | Received a gift from Okawaru
 14590 | Lair:2   | Reached skill level 13 in Maces & Flails
 14932 | Lair:2   | Found a runed translucent gate.
 14932 | Lair:2   | Found a runed translucent gate.
 14932 | Lair:2   | Found a runed translucent gate.
 14934 | Lair:2   | Noticed Dekkoka's ghost (journeyman HOEE)
 14934 | Lair:2   | Noticed Suk Xiy's ghost (journeyman DrSh)
 14935 | Lair:2   | Noticed Iphivaf's ghost (journeyman OpSh)
 14935 | Lair:2   | Noticed Dumidips's ghost (journeyman OpMo)
 15040 | Lair:2   | Found a staircase to the Shoals.
 15040 | Lair:2   | Noticed a six-headed hydra
 15075 | Lair:2   | Killed a six-headed hydra
 15577 | Lair:3   | Noticed a six-headed hydra
 15580 | Lair:3   | Noticed a five-headed hydra
 15763 | Lair:2   | Killed a five-headed hydra
 15763 | Lair:2   | Received a gift from Okawaru
 15877 | Lair:3   | Killed a six-headed hydra
 16433 | Lair:3   | Reached XP level 13. HP: 85/100 MP: 18/18
 16500 | Lair:3   | Reached skill level 14 in Maces & Flails
 16612 | Lair:3   | Found a hole to the Spider Nest.
 16617 | Lair:3   | You fall into a shaft and drop 2 floors!
 16617 | Lair:5   | Entered Level 5 of the Lair of Beasts
 16792 | Lair:4   | Reached ****** piety under Okawaru
 16793 | Lair:4   | Acquired a +2 kite shield of positive energy
 16793 | Lair:4   | Received a gift from Okawaru
 16794 | Lair:4   | Acquired the +6 eveningstar of Fae Guilt {heavy, *Corrode
                  | rPois rF+ Will+}
 16794 | Lair:4   | Received a gift from Okawaru
 17328 | Lair:4   | Found a viscous altar of Jiyva.
 17329 | Lair:4   | Found a staircase to the Slime Pits.
 17918 | Lair:3   | Received a gift from Okawaru
 18466 | Lair:4   | Reached skill level 15 in Maces & Flails
 18610 | Lair:5   | Found a runed translucent gate.
 18610 | Lair:5   | Found a runed translucent gate.
 18629 | Lair:5   | Learned a level 2 spell: Blink
 18637 | Lair:5   | Found a runed translucent gate.
 18679 | Lair:5   | Noticed a dire elephant
 18679 | Lair:5   | Noticed a dire elephant
 18679 | Lair:5   | Noticed a dire elephant
 18679 | Lair:5   | Noticed a dire elephant
 19105 | Lair:5   | Noticed Luam's ghost (journeyman OpFi)
 19709 | D:12     | Received a gift from Okawaru
 20019 | D:12     | Found a staircase to the Orcish Mines.
 20844 | D:13     | Reached skill level 16 in Maces & Flails
 20844 | D:13     | Reached XP level 14. HP: 108/108 MP: 19/19
 20961 | D:13     | Received a gift from Okawaru
 21695 | Orc:1    | Entered Level 1 of the Orcish Mines
 22069 | Orc:1    | Received a gift from Okawaru
 22346 | Orc:2    | Entered Level 2 of the Orcish Mines
 22376 | Orc:2    | Noticed an orc warlord
 22681 | D:11     | Reached skill level 5 in Throwing
 22909 | D:11     | Found a candlelit altar of Ignis.
 22984 | D:11     | Identified the +7 mace of Victory {heavy, rF+ Will+ rCorr
                  | Int-3}
 23143 | D:11     | Identified the +0 fire dragon scales of Relativism {^Contam
                  | rElec rF++ rC- rN+++ Dex-2}
 23476 | Orc:2    | Noticed Drazool's ghost (journeyman NaSh)
 23546 | Orc:2    | Received a gift from Okawaru
 23961 | Orc:2    | Killed an orc warlord
 24254 | Orc:2    | Found Julor's General Store.
 24267 | Orc:2    | Found Xeaph's Antique Weapon Shoppe.
 24291 | Orc:2    | Bought a scroll of blinking for 90 gold pieces
 24326 | Orc:2    | Found a staircase to the Elven Halls.
 24379 | Orc:2    | Found Etzi's Jewellery Shoppe.
 24399 | Orc:2    | Found Ticinn's Antique Armour Shoppe.
 24405 | Orc:2    | Bought a pair of runed boots for 202 gold pieces
 24602 | Orc:2    | Found a transporter.
 24623 | Orc:2    | Found a transporter.
 24741 | Orc:2    | Noticed an orc warlord
 24746 | Orc:2    | Killed an orc warlord
 25264 | Lair:5   | Received a gift from Okawaru
 25340 | Lair:5   | Killed a dire elephant
 25555 | Lair:5   | Killed a dire elephant
 25690 | Lair:5   | Killed a dire elephant
 25691 | Lair:5   | Reached XP level 15. HP: 66/121 MP: 20/20
 26014 | Lair:5   | Reached skill level 5 in Dodging
 26550 | Lair:4   | Killed Luam's ghost
 26870 | Lair:5   | Got the ring "Ligimm" {Fire rElec}
 27013 | Lair:2   | Killed Dumidips's ghost
 27013 | Lair:2   | Received a gift from Okawaru
 27017 | Lair:2   | Killed Iphivaf's ghost
 27024 | Lair:2   | Killed Dekkoka's ghost
 27029 | Lair:2   | Killed Suk Xiy's ghost
 28082 | D:14     | Received a gift from Okawaru
 28328 | D:14     | Reached skill level 15 in Armour
 28378 | D:14     | Found a gate to the Vaults.
 28423 | D:15     | Entered Level 15 of the Dungeon
 28675 | D:15     | Found an ornate altar of the Wu Jian Council.
 30434 | Spider:1 | Entered Level 1 of the Spider Nest
 30467 | Spider:1 | Received a gift from Okawaru
 30540 | Spider:1 | Reached XP level 16. HP: 134/134 MP: 21/21
 30552 | Spider:1 | Reached skill level 10 in Fighting
 31632 | Spider:2 | HP: 4/135 [meliai/divine providence (12)]
 31632 | Spider:2 | Slain by a redback

Illustrated notes

Levels and vault maps discovered:
D:1:      dpeg_arrival_brainrot, layout_loops_ring
D:2:      kennysheep_six_static_rooms, layout_loops_ring,
          minmay_worlds_worst_comb, uniq_terence
D:3:      layout_loops_ring, serial_shops, nicolae_shop_crystal, shop,
          nicolae_book_shop_shelving, nicolae_shop_rolling_square, st_stairs_7,
          uniq_sigmund
D:4:      layout_basic, mainiacjoe_overflow_small_starburst
D:5:      layout_rooms, mainiacjoe_sewer_entry_somewhere_in_here_1,
          serial_bayou_lagoon_b, uniq_pikel
D:6:      layout_cave_pools, minmay_temple_entry_drinking_statues, serial_shops,
          shop_fountains
D:7:      layout_basic, xom_redecorated, mainiacjoe_overflow_alcove_2
D:8:      layout_basic, mainiacjoe_overflow_chevrons
D:9:      layout_layer_cave, lemuel_tele_altar,
          mainiacjoe_overflow_divided_tiny, lair_entry_dummy, glass_columns_a,
          corexii_checkpoint, serial_park_tiny_2, uniq_erica
D:10:     layout_basic
D:11:     regret_index_infernal_bastille, layout_irregular_city,
          minmay_splitting_lines, nicolae_sif_muna_little_library
D:12:     layout_loops_ring, erik_orc_3, serial_library_hellmonk_reading_circle
D:13:     layout_loops_ring
D:14:     layout_basic, david_vaults_5, chequers_serial_rivers_micro_a
D:15:     grunt_enter_depths_magical_seal, layout_basic,
          nicolae_wu_jian_wuxing_cycle
Temple:   nicolae_temple_superstar
Lair:1:   layout_misc_corridors, chequers_serial_rivers_small_a,
          grunt_megastairs_3
Lair:2:   layout_small_grid, minmay_shoals_entry_hut, gammafunk_ghost_cemetery
Lair:3:   layout_concentric_octagons, spider_nest_entry_web_field, st_stairs_8,
          kennysheep_catoblepas_arena, infiniplex_staircase_pool,
          serial_bayou_shore_b
Lair:4:   layout_hall_layers, minmay_slime_entry_pillars
Lair:5:   due_jungle_book, layout_long_grid, gammafunk_ghost_icy
Spider:1: layout_spider_delve
Spider:2: layout_spider_delve
Orc:1:    layout_caves
Orc:2:    grunt_orc_cross, layout_caves, basic_altar,
          gammafunk_ghost_berserking_beasts, minmay_orc_barracks

Skill      XL: |  1  2  3  4  5  6  7  8  9 10 11 12 13 14 15 16 |
---------------+-------------------------------------------------+-----
Maces & Flails | 3 4 5 6 9 11 12 13 16 | 16.0
Armour         | 1 2 3 4 5 6 9 11 12 14 15 | 15.7
Throwing       | 4 6 7 8 |  8.2
Invocations    | 2 5 7 |  7.0
Fighting       | 3 5 8 9 10 | 10.3
Dodging        | 4 6 7 |  7.1

Action                     |  1- 3 |  4- 6 |  7- 9 | 10-12 | 13-15 | 16-18 || total
---------------------------+-------+-------+-------+-------+-------+-------++-------
  Melee: Flail             |   134 |   192 |   241 |       |       |       ||   567
         Punch             |       |     5 |     8 |    11 |    15 |     2 ||    41
         Whip              |       |       |   295 |   540 |       |       ||   835
         Dire flail        |       |       |       |   335 |    81 |       ||   416
         Eveningstar       |       |       |       |       |   919 |   115 ||  1034
  Throw: Throwing net      |       |     1 |       |       |       |       ||     1
         Javelin           |       |     1 |     1 |     1 |     3 |       ||     6
         Dart              |       |       |    38 |    66 |    41 |    20 ||   165
 Invoke: Heroism           |       |       |       |     4 |    10 |     3 ||    17
         Receive Weapon    |       |       |       |       |     1 |       ||     1
         Receive Armour    |       |       |       |       |     1 |       ||     1
  Evoke: Wand              |       |       |     1 |     4 |     6 |       ||    11
    Use: Scroll            |       |     8 |     6 |     5 |     6 |     1 ||    26
         Potion            |       |       |     3 |     1 |     1 |       ||     5
 Armour: Leather armour    |    13 |       |       |       |       |       ||    13
         Ring mail         |    57 |       |       |       |       |       ||    57
         Chain mail        |    27 |   153 |   386 |    18 |       |       ||   584
         Plate armour      |       |       |       |   581 |   943 |   228 ||  1752
         Fire dragon scale |       |       |       |       |   111 |       ||   111
  Dodge: Dodged            |    74 |    78 |   212 |   270 |   827 |   198 ||  1659
